Workbook

Sheet ANEXO 1 - COTIZACIONES
A1: ANEXO 1 - ANALISIS DE COTIZACIONES
D2: Suministro de Combustible para el parque automotor y plantas eléctricas al servicio de la Fiscalía General de la Nación Regional Nororiental en los diferentes Municipios de las Seccionales Santander, Norte de Santander y Arauca.
A3: NECESIDAD | G3: COTIZACION 1 ORGANIZACIÓN Terpel SA. | I3: COTIZACION 2 Estacion de Servicio Sabanalarga | L3: VALOR COTIZACIÓN HÁBIL MÁS BAJA | M3: PROMEDIO | N3: VALOR COTIZACIÓN HÁBIL MÁS ALTA | O3: PORCENTAJE DIFERENCIAL (BAJA/PROMEDIO) | P3: MEDIA ARITMETICA BAJA | R3: ANALISIS DE COTIZACIONES
A4: ÍTEM | B4: Municipio | C4: DESCRIPCIÓN BIEN O SERVICIO RANGO DEL MODELO | D4: UNIDAD DE MEDIDA | E4: CANTIDAD | G4: VALOR UNITARIO SIN IVA | I4: VALOR UNITARIO SIN IVA | L4: VALOR UNITARIO SIN IVA | M4: VALOR UNITARIO SIN IVA | N4: VALOR UNITARIO SIN IVA | O4: 40% > / < | P4: VALOR UNITARIO SIN IVA | R4: VALOR UNITARIO SIN IVA | S4: VALOR IVA | T4: VALOR UNITARIO INCLUIDO IVA | U4: VALOR TOTAL INCLUIDO IVA
A5: 1 | B5: ARAUCA | C5: GASOLINA CORRIENTE | D5: GALON | E5: 1 | G5: 15150 | I5: 18150 | L5: =ROUND(MIN(G5,I5),0) -> 15150 | M5: =ROUND(AVERAGE(G5,I5),0) -> 16650 | N5: =+MAX(G5,I5) -> 18150 | O5: =+(N5/L5)-1 -> 0.1980198 | P5: =+ROUND(AVERAGE(L5,M5),0) -> 15900 | R5: =+M5 -> 16650 | S5: 0 | T5: =+S5+R5 -> 16650 | U5: =+T5*E5 -> 16650
C6: ACPM - DIESEL | D6: GALON | E6: 1 | G6: 10600 | I6: 13600 | L6: =ROUND(MIN(G6,I6),0) -> 10600 | M6: =ROUND(AVERAGE(G6,I6),0) -> 12100 | N6: =+MAX(G6,I6) -> 13600 | O6: =+(N6/L6)-1 -> 0.28301887 | P6: =+ROUND(AVERAGE(L6,M6),0) -> 11350 | R6: =+M6 -> 12100 | S6: 0 | T6: =+S6+R6 -> 12100 | U6: =+T6*E6 -> 12100
A7: 2 | B7: SARAVERA | C7: GASOLINA CORRIENTE | D7: GALON | E7: 1 | G7: 15670 | I7: 19500 | L7: =ROUND(MIN(G7,I7),0) -> 15670 | M7: =ROUND(AVERAGE(G7,I7),0) -> 17585 | N7: =+MAX(G7,I7) -> 19500 | O7: =+(N7/L7)-1 -> 0.24441608 | P7: =+ROUND(AVERAGE(L7,M7),0) -> 16628 | R7: =+M7 -> 17585 | S7: 0 | T7: =+S7+R7 -> 17585 | U7: =+T7*E7 -> 17585
C8: ACPM - DIESEL | D8: GALON | E8: 1 | G8: 11110 | I8: 14500 | L8: =ROUND(MIN(G8,I8),0) -> 11110 | M8: =ROUND(AVERAGE(G8,I8),0) -> 12805 | N8: =+MAX(G8,I8) -> 14500 | O8: =+(N8/L8)-1 -> 0.30513051 | P8: =+ROUND(AVERAGE(L8,M8),0) -> 11958 | R8: =+M8 -> 12805 | S8: 0 | T8: =+S8+R8 -> 12805 | U8: =+T8*E8 -> 12805
A9: 3 | B9: TAME | C9: GASOLINA CORRIENTE | D9: GALON | E9: 1 | G9: 15850 | I9: 21500 | L9: =ROUND(MIN(G9,I9),0) -> 15850 | M9: =ROUND(AVERAGE(G9,I9),0) -> 18675 | N9: =+MAX(G9,I9) -> 21500 | O9: =+(N9/L9)-1 -> 0.35646688 | P9: =+ROUND(AVERAGE(L9,M9),0) -> 17263 | R9: =+M9 -> 18675 | S9: 0 | T9: =+S9+R9 -> 18675 | U9: =+T9*E9 -> 18675
C10: ACPM - DIESEL | D10: GALON | E10: 1 | G10: 11680 | I10: 17000 | L10: =ROUND(MIN(G10,I10),0) -> 11680 | M10: =ROUND(AVERAGE(G10,I10),0) -> 14340 | N10: =+MAX(G10,I10) -> 17000 | O10: =+(N10/L10)-1 -> 0.45547945 | P10: =+ROUND(AVERAGE(L10,M10),0) -> 13010 | R10: =+M10 -> 14340 | S10: 0 | T10: =+S10+R10 -> 14340 | U10: =+T10*E10 -> 14340
A11: TOTAL | U11: =SUM(U5:U10) -> 92155
C13: NOTAS:
C14: 1) Se realizó el estudio con 2 cotizaciones de empresas del mercado que cuentan con catálogos para la venta libre al publico
C15: 2) Para establecer el valor del mercado; se utiliza la formula promedio
C16: 3) En el presente análisis se aplicó el procedimiento de aproximación generalmente aceptado por las reglas matemáticas denominado redondeo, que consiste en acercar los valores decimales al número entero más aproximado (esto es, si el tercer decimal es menor que 5, el segundo decimal se mantiene; si el tercer decimal es igual o mayor que 5, el segundo decimal se incrementa en uno)

Sheet ANEXO 2 - PROY COSTOS
A1: ANEXO 2 - PROYECCION COSTOS
D2: Suministro de Combustible para el parque automotor y plantas eléctricas al servicio de la Fiscalía General de la Nación Regional Nororiental en los diferentes Municipios de las Seccionales Santander, Norte de Santander y Arauca.
A3: NECESIDAD | G3: ANALISIS COTIZACIONES | I3: PROYECCION COSTOS 2026
A4: ÍTEM | B4: Municipio | C4: DESCRIPCIÓN BIEN O SERVICIO RANGO DEL MODELO | D4: UNIDAD DE MEDIDA | E4: CANTIDAD | G4: VALOR UNITARIO SIN IVA | I4: VALOR UNITARIO SIN IVA | J4: VALOR IVA | K4: VALOR UNITARIO INCLUIDO IVA | L4: VALOR TOTAL INCLUIDO IVA
A5: 1 | B5: ARAUCA | C5: GASOLINA CORRIENTE | D5: ='ANEXO 1 - COTIZACIONES'!D5 -> GALON | E5: ='ANEXO 1 - COTIZACIONES'!E5 -> 1 | G5: ='ANEXO 1 - COTIZACIONES'!R5 -> 16650 | I5: =+G5 -> 16650 | J5: 0 | K5: =+J5+I5 -> 16650 | L5: =+K5*E5 -> 16650
C6: ACPM - DIESEL | D6: ='ANEXO 1 - COTIZACIONES'!D6 -> GALON | E6: ='ANEXO 1 - COTIZACIONES'!E6 -> 1 | G6: ='ANEXO 1 - COTIZACIONES'!R6 -> 12100 | I6: =+G6 -> 12100 | J6: 0 | K6: =+J6+I6 -> 12100 | L6: =+K6*E6 -> 12100
A7: 2 | B7: SARAVERA | C7: GASOLINA CORRIENTE | D7: ='ANEXO 1 - COTIZACIONES'!D7 -> GALON | E7: ='ANEXO 1 - COTIZACIONES'!E7 -> 1 | G7: ='ANEXO 1 - COTIZACIONES'!R7 -> 17585 | I7: =+G7 -> 17585 | J7: 0 | K7: =+J7+I7 -> 17585 | L7: =+K7*E7 -> 17585
C8: ACPM - DIESEL | D8: ='ANEXO 1 - COTIZACIONES'!D8 -> GALON | E8: ='ANEXO 1 - COTIZACIONES'!E8 -> 1 | G8: ='ANEXO 1 - COTIZACIONES'!R8 -> 12805 | I8: =+G8 -> 12805 | J8: 0 | K8: =+J8+I8 -> 12805 | L8: =+K8*E8 -> 12805
A9: 3 | B9: TAME | C9: GASOLINA CORRIENTE | D9: ='ANEXO 1 - COTIZACIONES'!D9 -> GALON | E9: ='ANEXO 1 - COTIZACIONES'!E9 -> 1 | G9: ='ANEXO 1 - COTIZACIONES'!R9 -> 18675 | I9: =+G9 -> 18675 | J9: 0 | K9: =+J9+I9 -> 18675 | L9: =+K9*E9 -> 18675
C10: ACPM - DIESEL | D10: ='ANEXO 1 - COTIZACIONES'!D10 -> GALON | E10: ='ANEXO 1 - COTIZACIONES'!E10 -> 1 | G10: ='ANEXO 1 - COTIZACIONES'!R10 -> 14340 | I10: =+G10 -> 14340 | J10: 0 | K10: =+J10+I10 -> 14340 | L10: =+K10*E10 -> 14340
A11: TOTAL | L11: =SUM(L5:L10) -> 92155
C13: NOTAS:
C14: 1) Para establecer los valores del mercado, se tomaron los valores del análisis de cotizaciones
C15: 2) En el presente análisis se aplicó el procedimiento de aproximación generalmente aceptado por las reglas matemáticas denominado redondeo, que consiste en acercar los valores decimales al número entero más aproximado (esto es, si el tercer decimal es menor que 5, el segundo decimal se mantiene; si el tercer decimal es igual o mayor que 5, el segundo decimal se incrementa en uno)

Sheet ANEXO 3 - EST SECTOR
A1: ANEXO 3 - ESTUDIO DEL SECTOR
D2: Suministro de Combustible para el parque automotor y plantas eléctricas al servicio de la Fiscalía General de la Nación Regional Nororiental en los diferentes Municipios de las Seccionales Santander, Norte de Santander y Arauca.
A3: NECESIDAD | G3: ESTUDIO DEL SECTOR
A4: ÍTEM | B4: Municipio | C4: DESCRIPCIÓN BIEN O SERVICIO RANGO DEL MODELO | D4: UNIDAD DE MEDIDA | E4: CANTIDAD | G4: VALOR UNITARIO SIN IVA | H4: VALOR IVA | I4: VALOR UNITARIO INCLUIDO IVA | J4: VALOR TOTAL INCLUIDO IVA
A5: 1 | B5: ARAUCA | C5: GASOLINA CORRIENTE | D5: ='ANEXO 1 - COTIZACIONES'!D5 -> GALON | E5: ='ANEXO 1 - COTIZACIONES'!E5 -> 1 | G5: ='ANEXO 2 - PROY COSTOS'!I5 -> 16650 | H5: 0 | I5: =+H5+G5 -> 16650 | J5: =+I5*E5 -> 16650
C6: ACPM - DIESEL | D6: ='ANEXO 1 - COTIZACIONES'!D6 -> GALON | E6: ='ANEXO 1 - COTIZACIONES'!E6 -> 1 | G6: ='ANEXO 2 - PROY COSTOS'!I6 -> 12100 | H6: 0 | I6: =+H6+G6 -> 12100 | J6: =+I6*E6 -> 12100
A7: 2 | B7: SARAVERA | C7: GASOLINA CORRIENTE | D7: ='ANEXO 1 - COTIZACIONES'!D7 -> GALON | E7: ='ANEXO 1 - COTIZACIONES'!E7 -> 1 | G7: ='ANEXO 2 - PROY COSTOS'!I7 -> 17585 | H7: 0 | I7: =+H7+G7 -> 17585 | J7: =+I7*E7 -> 17585
C8: ACPM - DIESEL | D8: ='ANEXO 1 - COTIZACIONES'!D8 -> GALON | E8: ='ANEXO 1 - COTIZACIONES'!E8 -> 1 | G8: ='ANEXO 2 - PROY COSTOS'!I8 -> 12805 | H8: 0 | I8: =+H8+G8 -> 12805 | J8: =+I8*E8 -> 12805
A9: 3 | B9: TAME | C9: GASOLINA CORRIENTE | D9: ='ANEXO 1 - COTIZACIONES'!D9 -> GALON | E9: ='ANEXO 1 - COTIZACIONES'!E9 -> 1 | G9: ='ANEXO 2 - PROY COSTOS'!I9 -> 18675 | H9: 0 | I9: =+H9+G9 -> 18675 | J9: =+I9*E9 -> 18675
C10: ACPM - DIESEL | D10: ='ANEXO 1 - COTIZACIONES'!D10 -> GALON | E10: ='ANEXO 1 - COTIZACIONES'!E10 -> 1 | G10: ='ANEXO 2 - PROY COSTOS'!I10 -> 14340 | H10: 0 | I10: =+H10+G10 -> 14340 | J10: =+I10*E10 -> 14340
A11: TOTAL | J11: =SUM(J5:J10) -> 92155
C13: NOTAS:
C14: 1) Para establecer los valores del mercado, se tomaron los valores del análisis de cotizaciones
C15: 2) En el presente análisis se aplicó el procedimiento de aproximación generalmente aceptado por las reglas matemáticas denominado redondeo, que consiste en acercar los valores decimales al número entero más aproximado (esto es, si el tercer decimal es menor que 5, el segundo decimal se mantiene; si el tercer decimal es igual o mayor que 5, el segundo decimal se incrementa en uno)
